 Dungeon Crawl Stone Soup version 0.19.1-1-g22dce08 (webtiles) character file.

77 Peloso the Skirmisher (level 4, -11/40 HPs)
             Began as a Ghoul Fighter on Jan 5, 2017.
             Mangled by a worm (12 damage)
             ... on level 3 of the Dungeon.
             The game lasted 00:04:38 (1790 turns).

Peloso the Skirmisher (Ghoul Fighter)               Turns: 1790, Time: 00:04:39

Health: -11/40     AC:  7    Str: 19    XL:     4   Next: 34%
Magic:  3/3        EV:  7    Int:  3    God:
Gold:   162        SH:  8    Dex:  9    Spells: 0 memorised, 3 levels left

rFire  . . .     SeeInvis .     a - +0 long sword
rCold  + . .     Gourm    .     b - +0 scale mail
rNeg   + + +     Faith    .     c - +0 shield
rPois  ∞         Spirit   .     m - +0 helmet
rElec  .         Reflect  .     (no cloak)
rCorr  .         Harm     .     (no gloves)
MR     .....                    (no boots)
Stlth  ..........               (no amulet)
                                (no ring)
                                (no ring)

@: rotting
A: rotting body, claws 1, carnivore 3, cold resistance 1, negative energy
resistance 3, slow regeneration 1, torment resistance, unbreathing
a: no special abilities


You were on level 3 of the Dungeon.
You were not hungry.

You visited 1 branch of the dungeon, and saw 3 of its levels.

You collected 162 gold pieces.

Inventory:

Hand Weapons
 a - a +0 long sword (weapon)
Armour
 b - a +0 scale mail (worn)
 c - a +0 shield (worn)
 m - a +0 helmet (worn)
Scrolls
 e - 2 scrolls of amnesia {unknown}
 h - 9 scrolls of identify {unknown}
 l - a scroll of fog {unknown}
 p - a scroll of fear {unknown}
 q - a scroll of immolation {unknown}
 s - 2 scrolls of remove curse {unknown}
 t - 2 scrolls of noise {unknown}
Potions
 d - 3 potions of might
 g - 2 potions of curing {unknown}
 i - a potion of berserk rage {unknown}
 j - a potion of cure mutation {unknown}
 k - 2 potions of cancellation {unknown}
 o - a potion of degeneration {unknown}
 r - 2 potions of flight {unknown}
Comestibles
 f - 2 meat rations
 n - a beef jerky


   Skills:
 + Level 3.9 Fighting
 + Level 2.8 Long Blades
 + Level 3.0 Armour
 + Level 0.3 Dodging
 + Level 0.5 Stealth
 + Level 3.0 Shields


You had 3 spell levels left.
You didn't know any spells.

Dungeon Overview and Level Annotations

Branches:
Dungeon (3/15)

Altars:
Elyvilon
Trog


Innate Abilities, Weirdness & Mutations

Your body is rotting away.
You thrive on raw meat.
You are immune to poison.
You have sharp fingernails.
You are carnivorous and can eat meat at any time.
Your flesh is cold resistant. (rC+)
You are immune to negative energy. (rN+++)
You regenerate slowly when monsters are visible.
You are immune to unholy pain and torment.
You can survive without breathing.


Message History

The worm is moderately wounded.
You block the worm's attack.
You hit the worm.
The worm is moderately wounded.
The worm bites you. You block the worm's attack.
You hit the worm.
The worm is moderately wounded.
The worm bites you!
You hit the worm.
The worm is moderately wounded.
The worm bites you!
* * * LOW HITPOINT WARNING * * *
You hit the worm.
The worm is moderately wounded.
The worm bites you!
* * * LOW HITPOINT WARNING * * *
You hit the worm.
The worm is heavily wounded.
You block the worm's attack. The worm bites you!
You die...

###...<##.#.#
#.....<...#
####(#.##.#.######
#....#....###....##
#....####.##.......
#.........#........
#...#######....#...
#...#....##...###..
#...#.##.@ww..#y#._
#...#.#).##...###..
#....)##.##....#...
#...####..#........
#...# #####.......
##... #....## ####
#####


You could see a moth of wrath and 2 worms.

Vanquished Creatures
  2 adders
  An ooze (D:1)
  2 worms (D:2)
  A dart slug (D:3)
  A leopard gecko (D:1)
  3 giant cockroaches
  6 goblins
  6 hobgoblins
  8 kobolds
  6 bats
  6 rats
42 creatures vanquished.

Vanquished Creatures (others)
  A giant cockroach (D:2)
1 creature vanquished.

Grand Total: 43 creatures vanquished

Notes
Turn   | Place    | Note
-------+----------+-------------------------------------------
     0 | D:1      | Peloso the Ghoul Fighter began the quest for the Orb.
     0 | D:1      | Reached XP level 1. HP: 19/19 MP: 0/0
   142 | D:1      | Reached XP level 2. HP: 8/26 MP: 1/1
   508 | D:1      | Reached XP level 3. HP: 33/33 MP: 2/2
   915 | D:2      | Found a white marble altar of Elyvilon.
  1218 | D:2      | Reached XP level 4. HP: 35/39 MP: 3/3
  1765 | D:3      | Noticed a moth of wrath
  1767 | D:3      | Found a bloodstained altar of Trog.
  1789 | D:3      | HP: 1/40 [worm (9)]
  1790 | D:3      | Mangled by a worm

Skill      XL: |  1  2  3 |
---------------+----------+-----
Armour         | 3 |  3.0
Long Blades    | 2 |  2.8
Shields        | 3 |  3.0
Fighting       | |  3.9
Dodging        | |  0.3
Stealth        | |  0.5

Action                   |  1- 3 |  4- 6 || total
-------------------------+-------+-------++-------
Melee: Long sword        |    83 |    34 ||   117
  Eat: Chunk             |     2 |     2 ||     4
Armor: Scale mail        |    42 |    16 ||    58
Dodge: Dodged            |    30 |     9 ||    39
Block: Shield            |    49 |    20 ||    69
       Rpst.: Long sword |    10 |     2 ||    12
